 Dungeon Crawl Stone Soup version 0.29-a0-322-g68df515428 (webtiles) character file.

Game seed: 15609712897528321631

4 GigaChad the Skirmisher (level 1, 0/19 HPs)
             Began as a Draconian Chaos Knight on Apr 7, 2022.
             Was a Plaything of Xom.
             Slain by a kobold
             ... wielding a +0 dagger
              (3 damage)
             ... on level 1 of the Dungeon.
             The game lasted 00:00:28 (139 turns).

GigaChad the Skirmisher (Draconian Chaos Knight)     Turns: 139, Time: 00:00:28

Health: 0/19       AC:  4    Str: 14    XL:     1   Next: 50%
Magic:  1/1        EV: 12    Int: 12    God:    Xom [..*...]
Gold:   0          SH:  0    Dex: 10    Spells: 0/0 levels left

rFire   . . .      SeeInvis .   a - +0 falchion (chaos)
rCold   . . .      Faith    .   (no shield)
rNeg    . . .      Spirit   .   (body armour unavailable)
rPois   .          Reflect  .   (helmet restricted)
rElec   .          Harm     .   (no cloak)
rCorr   .          Rampage  .   (no gloves)
Will    .....                   (no boots)
Stlth   +.........              (no amulet)
HPRegen 0.06/turn               (no ring)
MPRegen 0.07/turn               (no ring)

@: no status effects
A: AC +4, unfitting armour, cold-blooded
a: Renounce Religion


You were on level 1 of the Dungeon.
You worshipped Xom.
You were a toy of Xom.
You visited 1 branch of the dungeon, and saw 1 of its levels.

Inventory:

Hand Weapons
 a - a +0 falchion of chaos (weapon)
Miscellaneous
 b - a piece from Xom's chessboard (15/15) (quivered)


   Skills:
 + Level 3.4 Fighting
 + Level 3.1 Long Blades
 + Level 2.2 Dodging


You couldn't memorise any spells.
You didn't know any spells.
Your spell library was empty.

Dungeon Overview and Level Annotations

Branches:
Dungeon (1/15)

Altars:


Innate Abilities, Weirdness & Mutations

Your plain brown scales are hard. (AC +4)
You cannot fit into any form of body armour.
You are cold-blooded and may be slowed by cold attacks.


Message History

A kobold comes into view. It is wielding a +0 dagger.
You hit the giant cockroach but do no damage.
The giant cockroach bites you but does no damage.
Something hits you but does no damage. The giant cockroach barely misses you.
You hit the giant cockroach but do no damage.
Something hits you. The giant cockroach barely misses you.
Something hits you but does no damage.
You hit the giant cockroach.
You feel better.
You kill the giant cockroach!
Something completely misses you. Something hits you.
The kobold hits you but does no damage. Something hits you but does no damage.
Something hits you. The kobold hits you but does no damage.
Something hits you but does no damage. Something hits you but does no damage.
The kobold closely misses you. Something hits you but does no damage.
You miss something. The kobold hits you but does no damage.
Something hits you but does no damage.
You miss something. The kobold hits you but does no damage. Something hits you.
* * * LOW HITPOINT WARNING * * *
You hit something.
You feel better. The kobold hits you with a +0 dagger.
* * * LOW HITPOINT WARNING * * *
Something completely misses you.
You miss something.
Your tail-slap misses something.
The kobold closely misses you. Something hits you but does no damage.
You miss something. The kobold barely misses you. Something hits you.
* * * LOW HITPOINT WARNING * * *
Something hits you but does no damage. The kobold misses you.
You miss something. The kobold hits you but does no damage.
Something hits you but does no damage.
You closely miss something.
Your tail-slap misses something.
The kobold hits you with a +0 dagger.
* * * LOW HITPOINT WARNING * * *
Something hits you but does no damage.
You miss something. The kobold hits you but does no damage.
Something hits you but does no damage.
You hit something.
Your tail-slap misses something.
The kobold hits you with a +0 dagger.
You die... "Huh?
Did I miss anything?"

#........#
#..$.....#
#........#
#........#
#........#
#........#
#...#
#.{K#
#.@.#
#...#
#...#
#...#
###...#
#.....# #
#.....# #
#....## #
#....#


You could see a kobold.

Vanquished Creatures
  A giant cockroach (D:1)
  A hobgoblin (D:1)
  A bat (D:1)
  A rat (D:1)
4 creatures vanquished.

Notes
Turn   | Place    | Note
-------+----------+-------------------------------------------
     0 | D:1      | GigaChad the Draconian Chaos Knight began the quest for the
                  | Orb.
     0 | D:1      | Reached XP level 1. HP: 19/19 MP: 1/1
   139 | D:1      | Slain by a kobold

Illustrated notes

Levels and vault maps discovered:
D:1:      nicolae_arrival_somewhat_less_tricky_arrival, layout_basic

Action                   || total
-------------------------++-------
Melee: Falchion          ||    25
       Tailslap          ||     4
Armor: Skin              ||    30
Dodge: Dodged            ||    15

Table legend: (Time is in decaauts)
 A = Elapsed time spent in this place.
 B = Non-inter-level travel time spent in this place.
 C = Inter-level travel time spent in this place.
 D = Time resting spent in this place.
 E = Time spent auto-exploring this place.
 F = Levels seen in this place.
 G = Mean time per level.
                   A        B        C        D        E       F      G
               +--------+--------+--------+--------+--------+-----+--------+
         Total |    142 |    142 |      0 |      0 |     53 |   1 |  142.0 |
       Dungeon |    142 |    142 |      0 |      0 |     53 |   1 |  142.0 |
               +--------+--------+--------+--------+--------+-----+--------+

Top non-repeatable levels by time:
     D:1: 142 daAuts
